[ AOE2 MATCH · #494340649 ]
UnrankedPersians vs Slavs
Player's team · WIN
Rival team · LOSS
[ REPLAY ANALYSIS · EXTRACTED FROM THE RECORDED GAME ]
Feudal
—
Castle
—
Imperial
—
| APM avg | 72.5 |
| APM peak | 105 |
| eAPM avg | 28.6 |
| Villagers / military | 37 / 0 |
Focus
⚔️ 21.7% · 🌾 78.3%
Feudal
9:40
Castle
—
Imperial
—
| APM avg | 67.7 |
| APM peak | 103 |
| eAPM avg | 28.9 |
| Villagers / military | 20 / 1 |
Focus
⚔️ 24.8% · 🌾 75.2%
Archer ×1
Match map
Initial resources + every placement click. Lines = walls · curves = elevation contours. ◆ gold · ⬟ stone · ● berries · ✦ relic · ◌ wall gap
Your base· Open — unwalled flank
DS cachivache's base· Open — unwalled flank
Smoothed initial terrain · ◌ = detected wall gap · hover for details
Inputs per minute
— [GDL] Faraon - - DS cachivache
Build order — [GDL] Faraon
52 actions detected in the replay
| 0:00 | Create | Villager (Male) |
| 0:00 | Create | Villager (Male) |
| 0:01 | Create | Villager (Male) |
| 0:01 | Create | Villager (Male) |
| 0:02 | Build | House |
| 0:04 | Build | House |
| 0:29 | Create | Villager (Male) |
| 0:53 | Build | House |
| 1:50 | Create | Villager (Male) |
| 1:50 | Create | Villager (Male) |
| 1:52 | Build | Lumber Camp |
| 1:53 | Build | House |
| 1:55 | Build | House |
| 2:21 | Create | Villager (Male) |
| 2:21 | Create | Villager (Male) |
| 3:10 | Create | Villager (Male) |
| 3:15 | Create | Villager (Male) |
| 3:16 | Create | Villager (Male) |
| 3:25 | Create | Villager (Male) |
| 3:25 | Create | Villager (Male) |
| 4:09 | Create | Villager (Male) |
| 4:51 | Create | Villager (Male) |
| 4:52 | Create | Villager (Male) |
| 5:24 | Research | Loom |
| 5:24 | Research | Loom |
| 5:49 | Create | Villager (Male) |
| 6:37 | Build | Mill |
| 6:53 | Build | Town Center |
| 7:34 | Build | Palisade Wall |
| 7:43 | Create | Villager (Male) |
| 7:59 | Create | Villager (Male) |
| 8:26 | Create | Villager (Male) |
| 8:44 | Build | Palisade Gate |
| 9:00 | Create | Villager (Male) |
| 9:24 | Create | Villager (Male) |
| 9:24 | Create | Villager (Male) |
| 9:31 | Build | Palisade Wall |
| 9:33 | Build | Palisade Wall |
| 9:55 | Create | Villager (Male) |
| 9:55 | Create | Villager (Male) |
| 10:43 | Create | Villager (Male) |
| 13:07 | Create | Villager (Male) |
| 13:58 | Create | Villager (Male) |
| 14:31 | Create | Villager (Male) |
| 14:51 | Create | Villager (Male) |
| 14:51 | Create | Villager (Male) |
| 15:29 | Create | Villager (Male) |
| 15:29 | Create | Villager (Male) |
| 16:21 | Create | Villager (Male) |
| 16:22 | Create | Villager (Male) |
| 16:30 | Build | Palisade Gate |
| 16:39 | Create | Villager (Male) |
Build order — DS cachivache
51 actions detected in the replay
| 0:00 | Create | Villager (Male) |
| 0:01 | Create | Villager (Male) |
| 0:01 | Create | Villager (Male) |
| 0:02 | Build | House |
| 0:03 | Build | House |
| 0:07 | Create | Villager (Male) |
| 1:29 | Create | Villager (Male) |
| 1:50 | Build | Lumber Camp |
| 1:58 | Create | Villager (Male) |
| 2:14 | Create | Villager (Male) |
| 2:45 | Create | Villager (Male) |
| 3:08 | Create | Villager (Male) |
| 3:39 | Create | Villager (Male) |
| 4:05 | Create | Villager (Male) |
| 4:15 | Build | House |
| 4:30 | Create | Villager (Male) |
| 4:53 | Create | Villager (Male) |
| 4:53 | Create | Villager (Male) |
| 5:14 | Create | Villager (Male) |
| 5:40 | Build | Mill |
| 6:04 | Create | Villager (Male) |
| 6:11 | Create | Villager (Male) |
| 6:13 | Research | Loom |
| 7:10 | Create | Villager (Male) |
| 7:29 | Research | Feudal Age |
| 7:29 | Research | Feudal Age |
| 8:11 | Build | Lumber Camp |
| 8:27 | Build | Barracks |
| 9:21 | Create | Villager (Male) |
| 9:28 | Create | Villager (Male) |
| 9:40 | Age | Feudal Age |
| 9:51 | Build | Archery Range |
| 10:55 | Build | Mining Camp |
| 11:24 | Build | Palisade Wall |
| 11:26 | Build | Palisade Wall |
| 11:39 | Build | Palisade Wall |
| 11:51 | Build | Palisade Wall |
| 12:03 | Build | Palisade Wall |
| 12:05 | Build | Palisade Wall |
| 12:07 | Create | Archer |
| 12:59 | Build | Mining Camp |
| 14:00 | Build | Palisade Wall |
| 14:07 | Build | Palisade Wall |
| 14:08 | Build | Palisade Wall |
| 14:09 | Build | Palisade Wall |
| 14:11 | Build | Palisade Wall |
| 14:18 | Build | Palisade Wall |
| 14:18 | Build | Palisade Wall |
| 14:52 | Build | Palisade Wall |
| 14:59 | Build | Palisade Wall |
| 15:05 | Build | Palisade Wall |
Match timeline
| 7:34 | [GDL] Faraon · wall_segment Palisade Wall x1 |
| 8:27 | DS cachivache · first_building Barracks |
| 9:31 | [GDL] Faraon · wall_segment Palisade Wall x1 |
| 9:33 | [GDL] Faraon · wall_segment Palisade Wall x1 |
| 9:40 | DS cachivache · age_up feudal |
| 9:51 | DS cachivache · first_building Archery Range |
| 11:24 | DS cachivache · wall_segment Palisade Wall x1 |
| 11:26 | DS cachivache · wall_segment Palisade Wall x1 |
| 11:39 | DS cachivache · wall_segment Palisade Wall x1 |
| 11:51 | DS cachivache · wall_segment Palisade Wall x4 |
| 12:03 | DS cachivache · wall_segment Palisade Wall x1 |
| 12:05 | DS cachivache · wall_segment Palisade Wall x1 |
| 14:00 | DS cachivache · wall_segment Palisade Wall x1 |
| 14:07 | DS cachivache · wall_segment Palisade Wall x1 |
| 14:08 | DS cachivache · wall_segment Palisade Wall x1 |
| 14:09 | DS cachivache · wall_segment Palisade Wall x1 |
| 14:11 | DS cachivache · wall_segment Palisade Wall x1 |
| 14:18 | DS cachivache · wall_segment Palisade Wall x3 |
| 14:18 | DS cachivache · wall_segment Palisade Wall x1 |
| 14:52 | DS cachivache · wall_segment Palisade Wall x1 |
| 14:59 | DS cachivache · wall_segment Palisade Wall x1 |
| 15:05 | DS cachivache · wall_segment Palisade Wall x1 |
| 16:39 | DS cachivache · resign |
[ AI ANALYSIS · 1 CREDIT ]
What really happened in this match?
Wolo.gg analyzes every decision: build order, eco, micro, common mistakes by bracket. Personalized analysis on WhatsApp or Discord in 30 seconds.
Civ guide
Persians
Perfil
[GDL] Faraon